[ AOE2 MATCH · #484938511 ]
UnrankedMuisca vs Italians
Player's team · LOSS
Rival team · WIN
[ REPLAY ANALYSIS · EXTRACTED FROM THE RECORDED GAME ]
Feudal
11:24
Castle
17:36
Imperial
—
| APM avg | 24.9 |
| APM peak | 67 |
| eAPM avg | 12.4 |
| Villagers / military | 39 / 5 |
Focus
⚔️ 15.1% · 🌾 84.9%
Monk ×5
Feudal
10:11
Castle
16:26
Imperial
—
| APM avg | 11.8 |
| APM peak | 32 |
| eAPM avg | 8.3 |
| Villagers / military | 31 / 6 |
Focus
⚔️ 24.2% · 🌾 75.8%
Archer ×5 · Knight ×1
Match map
Initial resources + every placement click. Lines = walls · curves = elevation contours. ◆ gold · ⬟ stone · ● berries · ✦ relic · ◌ wall gap
Your base· ✓ Closed at 17:36 · 0t walls · 3 gate(s)
Limoncello's base· ✓ Closed at 16:26 · 0t walls · 2 gate(s)
Smoothed initial terrain · ◌ = detected wall gap · hover for details
Inputs per minute
— lineric1995 - - Limoncello
Build order — lineric1995
59 actions detected in the replay
| 0:01 | Create | Villager (Male) ×4 |
| 0:01 | Research | Loom |
| 0:03 | Build | House |
| 0:05 | Build | House |
| 1:27 | Create | Villager (Male) |
| 1:58 | Create | Villager (Male) |
| 2:21 | Create | Villager (Male) |
| 2:46 | Create | Villager (Male) |
| 3:20 | Build | Settlement |
| 3:28 | Create | Villager (Male) |
| 3:41 | Create | Villager (Male) |
| 3:55 | Create | Villager (Male) |
| 4:52 | Create | Villager (Male) ×2 |
| 5:37 | Build | Settlement |
| 5:53 | Create | Villager (Male) |
| 6:08 | Create | Villager (Male) |
| 6:22 | Create | Villager (Male) ×4 |
| 6:47 | Create | Villager (Male) |
| 7:27 | Create | Villager (Male) |
| 8:35 | Research | Feudal Age |
| 9:28 | Build | House |
| 9:30 | Build | House |
| 9:31 | Build | House |
| 9:59 | Create | Villager (Male) ×5 |
| 10:07 | Create | Villager (Male) ×3 |
| 11:24 | Age | Feudal Age |
| 11:30 | Research | Double-Bit Axe |
| 11:31 | Research | Horse Collar |
| 11:42 | Build | Market |
| 11:45 | Build | Blacksmith |
| 11:58 | Build | Farm |
| 11:59 | Build | Farm |
| 12:00 | Build | Farm |
| 12:01 | Build | Farm |
| 12:04 | Build | Farm |
| 12:05 | Build | Farm |
| 12:06 | Build | Farm |
| 12:07 | Build | Farm |
| 12:17 | Build | Farm |
| 12:31 | Build | Farm |
| 12:36 | Build | Farm |
| 12:43 | Build | Farm |
| 13:08 | Build | Farm |
| 13:33 | Build | Farm |
| 14:16 | Build | Settlement |
| 14:56 | Research | Castle Age |
| 14:57 | Research | Castle Age |
| 15:25 | Research | Gold Mining |
| 16:48 | Create | Villager (Male) ×5 |
| 17:36 | Age | Castle Age |
| 17:42 | Build | Monastery |
| 17:46 | Build | Monastery |
| 17:53 | Research | Bow Saw |
| 17:54 | Research | Heavy Plow |
| 17:56 | Create | Villager (Male) ×5 |
| 18:15 | Create | Monk ×2 |
| 18:34 | Create | Monk |
| 18:54 | Create | Monk |
| 18:54 | Create | Monk |
Build order — Limoncello
68 actions detected in the replay
| 0:00 | Create | Villager (Male) |
| 0:01 | Create | Villager (Male) |
| 0:01 | Create | Villager (Male) |
| 0:01 | Create | Villager (Male) |
| 0:03 | Build | House |
| 0:05 | Build | House |
| 1:16 | Create | Villager (Male) |
| 1:42 | Create | Villager (Male) |
| 2:32 | Create | Villager (Male) |
| 2:48 | Create | Villager (Male) |
| 3:07 | Build | House |
| 3:17 | Create | Villager (Male) |
| 3:31 | Create | Villager (Male) |
| 4:06 | Create | Villager (Male) |
| 4:43 | Create | Villager (Male) |
| 4:58 | Create | Villager (Male) |
| 5:18 | Build | House |
| 5:21 | Build | Lumber Camp |
| 5:30 | Create | Villager (Male) |
| 5:44 | Create | Villager (Male) |
| 6:15 | Build | Mill |
| 6:31 | Create | Villager (Male) |
| 6:51 | Create | Villager (Male) |
| 7:25 | Create | Villager (Male) |
| 8:01 | Research | Feudal Age |
| 8:28 | Build | House |
| 9:47 | Create | Villager (Male) |
| 9:53 | Build | Farm |
| 9:54 | Build | Farm |
| 9:54 | Build | Farm |
| 10:11 | Age | Feudal Age |
| 10:15 | Create | Villager (Male) |
| 10:36 | Create | Villager (Male) |
| 10:45 | Build | Lumber Camp |
| 10:53 | Build | Farm |
| 10:55 | Build | Farm |
| 11:26 | Create | Villager (Male) |
| 11:47 | Build | Mining Camp |
| 11:55 | Build | Farm |
| 12:36 | Build | Blacksmith |
| 12:46 | Create | Villager (Male) |
| 12:58 | Build | Market |
| 13:46 | Research | Castle Age |
| 13:54 | Build | Barracks |
| 14:26 | Research | Fletching |
| 14:44 | Build | House |
| 14:48 | Build | House |
| 14:51 | Create | Villager (Male) |
| 15:30 | Build | Archery Range |
| 16:26 | Age | Castle Age |
| 16:35 | Build | Town Center |
| 16:42 | Create | Villager (Male) |
| 16:49 | Research | Crossbowman (upgrade) |
| 17:06 | Build | Stable |
| 17:12 | Create | Villager (Male) |
| 17:44 | Create | Archer |
| 17:44 | Create | Archer |
| 17:44 | Create | Archer |
| 17:45 | Create | Archer |
| 17:49 | Create | Knight |
| 17:55 | Create | Villager (Male) |
| 17:57 | Create | Villager (Male) |
| 18:07 | Build | Farm |
| 18:08 | Build | Farm |
| 18:37 | Create | Archer |
| 18:41 | Create | Villager (Male) |
| 18:43 | Create | Villager (Male) |
| 19:07 | Create | Villager (Male) |
Match timeline
| 10:11 | Limoncello · age_up feudal |
| 11:24 | lineric1995 · age_up feudal |
| 13:54 | Limoncello · first_building Barracks |
| 15:30 | Limoncello · first_building Archery Range |
| 16:26 | Limoncello · age_up castle |
| 17:06 | Limoncello · first_building Stable |
| 17:36 | lineric1995 · age_up castle |
| 17:42 | lineric1995 · first_building Monastery |
| 19:07 | lineric1995 · resign |
[ AI ANALYSIS · 1 CREDIT ]
What really happened in this match?
Wolo.gg analyzes every decision: build order, eco, micro, common mistakes by bracket. Personalized analysis on WhatsApp or Discord in 30 seconds.
Civ guide
Muisca
Perfil
Jugador #868938